 Dungeon Crawl Stone Soup version 0.30-a0-540-g0af01429fa (webtiles) character file.

Game seed: 13712892780893162634

79121 drugrobin the Brawler (level 14, -13/124 (132) HPs)
             Began as a Demigod Delver on Dec 26, 2022.
             Killed from afar by a tengu reaver (24 damage)
             ... with a bolt of fire
             ... on level 12 of the Dungeon.
             The game lasted 01:06:01 (24712 turns).

drugrobin the Brawler (Demigod Delver)             Turns: 24712, Time: 01:06:01

HP:   -13/124 (132) AC: 11    Str: 23    XL:     14   Next: 79%
MP:   22/24         EV: 12    Int: 16    God:
Gold: 1275          SH:  5    Dex: 15    Spells: 16/21 levels left

rFire   . . .      SeeInvis .      - Unarmed
rCold   . . .      Faith    .    (shield currently unavailable)
rNeg    . . .      Spirit   .    q - +0 troll leather armour
rPois   .          Reflect  +    A - +2 hat
rElec   .          Harm     .    (no cloak)
rCorr   .          Rampage  .    (gloves currently unavailable)
Will    +....                    U - +0 pair of boots
Stlth   +++                      n - amulet of reflection
HPRegen 1.20/turn                x - +4 ring of protection
MPRegen 0.19/turn                l - +4 ring of slaying

@: blade hands (expiring), drained
A: high MP 1, forlorn, divine attributes, weak 1
a: End Transformation


You were on level 12 of the Dungeon.
You had blades for hands.
You visited 3 branches of the dungeon, and saw 19 of its levels.
You also visited: Ossuary and Volcano.

You collected 2163 gold pieces.
You spent 888 gold pieces at shops.

Inventory:

Hand Weapons
 b - the +5 sling of Mandamus {flame, rPois Str+6 Int+4}
   (You found it on level 7 of the Dungeon)

   Any ammunition fired from it burns those it strikes, dealing additional fire
   damage.
   Str:       It affects your strength (+6).
   Int:       It affects your intelligence (+4).
   rPois:     It protects you from poison.
 c - a +2 short sword of venom
 O - a +1 hand axe of flaming
Missiles
 k - 33 poisoned darts (quivered)
 Q - 11 curare-tipped darts
Armour
 g - a +3 scale mail of fire resistance
 q - a +0 troll leather armour (worn)
 u - a +0 pair of gloves (melded)
 A - a +2 hat (worn)
 B - a +2 robe of cold resistance
 J - +0 acid dragon scales
 K - the +0 buckler of the Iron Devil (melded) {rN+ Dex+2}
   (You found it on level 8 of the Dungeon)

   Dex:       It affects your dexterity (+2).
   rN:        It protects you from negative energy.
 R - the +6 scale mail of Integrity {rPois rF- Str+5}
   (You took it off a kobold brigand on level 10 of the Dungeon)

   Str:       It affects your strength (+5).
   rF:        It makes you vulnerable to fire.
   rPois:     It protects you from poison.
 U - a +0 pair of boots (worn)
Magical Staves
 E - a staff of air
Jewellery
 l - a +4 ring of slaying (right blade hand)
 n - an amulet of reflection (around neck)
 x - a +4 ring of protection (left blade hand)
 F - a ring of ice
 P - a ring of see invisible
Wands
 f - a wand of digging (2)
 y - a wand of roots (11)
 M - a wand of quicksilver (5)
 N - a wand of flame (26)
 S - a wand of charming (3)
Scrolls
 h - a scroll of summoning
 j - 5 scrolls of poison
 o - a scroll of immolation
 p - 5 scrolls of vulnerability
 r - 12 scrolls of teleportation
 t - a scroll of blinking
 w - 5 scrolls of fog
 z - a scroll of silence
 G - a scroll of enchant armour
 H - 6 scrolls of magic mapping
 I - 4 scrolls of fear
Potions
 a - 3 potions of lignification
 d - a potion of ambrosia
 e - 3 potions of haste
 i - a potion of cancellation
 m - 3 potions of resistance
 s - 4 potions of heal wounds
 v - 8 potions of curing
 C - 5 potions of attraction
 D - 2 potions of berserk rage
 L - 5 potions of might
 T - a potion of experience {unknown}
 V - 2 potions of invisibility


   Skills:
 + Level 14.2 Fighting
 - Level 1.7 Dodging
 - Level 4.5 Stealth
 + Level 18.3 Unarmed Combat
 - Level 4.0 Spellcasting
 + Level 9.4 Transmutations


You had 16 spell levels left.
You knew the following spells:

 Your Spells              Type           Power      Damage    Failure   Level
a - Blade Hands           Tmut           16%        N/A       47%         5

Your spell library contained the following spells:

 Spells                   Type           Power      Damage    Failure   Level
 Spider Form              Tmut/Pois      18%        N/A       43%         3
 Ensorcelled Hibernation  Hex/Ice        6%         N/A       71%         2
 Gell's Gravitas          Tloc           3%         N/A       87%         3
 Inner Flame              Hex/Fire       3%         N/A       87%         3
 Portal Projectile        Hex/Tloc       6%         N/A       87%         3
 Teleport Other           Tloc           3%         N/A       87%         3
 Tukima's Dance           Hex            3%         N/A       87%         3
 Yara's Violent Unravell  Hex/Tmut       9%         3d6       92%         5
 Anguish                  Hex/Necr       1%         N/A       99%         4
 Cause Fear               Hex            1%         N/A       99%         4
 Passage of Golubria      Tloc           3%         N/A       99%         4
 Dispersal                Tloc           1%         N/A       100%        6
 Enfeeble                 Hex            1%         N/A       100%        7
 Discord                  Hex            1%         N/A       100%        8


Dungeon Overview and Level Annotations

Branches:
Dungeon (12/15)            Temple (0/1) D:4            Lair (5/5) D:8
  Swamp (0/4) Lair:3       Spider (0/4) Lair:3        Slime (0/5) Lair:5
    Orc (2/2) D:9             Elf (0/3) Orc:2       Ossuary (visited)
Volcano (visited)

Shops:
D:6 :   Orc:2 :?!?

Annotations:
D:2 Jessica
D:10 exclusion: door


Innate Abilities, Weirdness & Mutations

You have blades for hands.
Your spellcasting is less reliable in this form.
You are incapable of wielding weapons or throwing items.
You have an increased reservoir of magic. (+10% MP)
You shall have no god before yourself.
Your divine heritage dramatically boosts your attributes as you level up.
You are weak. (Str -2)


Message History

You feel much better.
The grasping roots constrict the tengu reaver.
The grasping roots constrict the white ugly thing.
The grasping roots constrict the howler monkey.
The roots release their grip on the tengu reaver.
The roots release their grip on the white ugly thing.
The roots release their grip on the howler monkey.
The tengu reaver hits you but does no damage.
The tengu reaver completely misses you. The tengu reaver misses you.
Unknown command.
Unknown command.
Unknown command.
Unknown command.
Unknown command.
Unknown command.
Unknown command.
Unknown command.
Unknown command.
Unknown command.
Unknown command.
Unknown command.
Unknown command.
You shred the white ugly thing!!! Your slash misses the white ugly thing.
The white ugly thing is severely wounded.
You hear a howl!
The tengu reaver hits you with a +3 battleaxe!
* * * LOW HITPOINT WARNING * * *
The tengu reaver pecks you but does no damage.
The tengu reaver claws you!
* * * LOW HITPOINT WARNING * * *
The white ugly thing headbutts you but does no damage.
Unknown command.
Unknown command.
Unknown command.
Blink to where?
Press: ? - help, Dir - move target
As you read the scroll of blinking, it crumbles to dust.
The tengu reaver points at you and mumbles some strange words.
The bolt of fire hits you!!
You die...

##.).###...##
#.uh## ##...#
#..Q## ##... #...#
##o. #...# ##.
##.....# ### ##..
##...#..[###.###...
##...#
#...#...#...# #..@#
#.........## #...##
##.......## #...#
##.........## #..#
#...........# #..
##.........## ##
##.......##
#.........##
#...#...#...#
#...###.###...


You could see a tengu reaver, a white ugly thing and a howler monkey.

Vanquished Creatures
  Jorgrun (Orc:2)
  Donald (Orc:2)
  An orc warlord (D:9)
  A stone giant (Volcano)
  A fire dragon (Lair:5)
  Fannar (Lair:3)
  A two-headed ogre (Orc:1)
  5 hydras
  A boulder beetle (Lair:4)
  6 death yaks (Lair:3)
  2 ogre magi (D:10)
  A centaur warrior (D:10)
  The ghost of Heh the Fighter, a novice OpFi of Gozag (D:11)
  4 orc high priests (Orc:2)
  Sonja (D:11)
  Nergalle (D:10)
  A fire crab (Lair:4)
  Amaemon (Lair:1)
  2 lindwurms (Lair:5)
  5 ugly things
  5 orc sorcerers
  5 orc knights (Orc:2)
  3 oklob plants (Lair:2)
  17 elephants
  A manticore (D:12)
  A cyclops (D:11)
  5 molten gargoyles
  Joseph (D:10)
  6 black mambas
  An orange demon (Lair:1)
  2 gargoyles
  10 cane toads
  13 komodo dragons
  2 rime drakes
  An efreet (Volcano)
  A tengu conjurer (D:10)
  2 trolls (Orc:1)
  A hornet (Lair:2)
  2 slime creatures (D:12)
  A tyrant leech (Lair:3)
  19 blink frogs
  4 jumping spiders (Lair:3)
  3 vampires
  2 shadows (D:12)
  3 wraiths
  3 wyverns
  60 yaks
  6 basilisks
  2 fire bats (Volcano)
  4 steam dragons
  13 vampire mosquitoes
  2 redbacks (Lair:3)
  3 wargs
  A swamp worm (Lair:3)
  4 hell hounds (Lair:5)
  2 acid dragons
  16 water moccasins
  4 black bears
  23 orc warriors
  3 sky beasts
  2 ice beasts
  4 ogres
  5 centaurs
  13 wolves
  2 phantoms
  3 kobold brigands
  13 bullfrogs
  A gnoll sergeant (D:12)
  A necrophage (D:6)
  2 scorpions
  3 earth elementals (Volcano)
  5 wights (D:10)
  44 killer bees
  7 howler monkeys (D:8)
  10 lava snakes
  4 hounds
  14 jellies
  15 orc priests
  2 iguanas
  18 orc wizards
  13 mummies (Ossuary)
  10 gnolls
  7 adders
  A shadow imp (D:6)
  A howler monkey simulacrum (D:10)
  2 ufetubi (D:6)
  2 worms
  2 dart slugs
  55 orcs
  6 ball pythons
  6 bats
  10 endoplasms
  3 giant cockroaches
  7 goblins
  6 hobgoblins
  5 jackals
  4 quokkas
  2 frilled lizards (D:3)
  3 gnoll skeletons (Ossuary)
  3 goblin skeletons (Ossuary)
  18 kobolds
  2 kobold skeletons (Ossuary)
  5 rats
  11 rat skeletons (Ossuary)
647 creatures vanquished.

Vanquished Creatures (collateral kills)
  An orc (Orc:2)
1 creature vanquished.

Vanquished Creatures (others)
  An orc knight (Orc:2)
  A black mamba (Lair:5)
  A troll (D:11)
  2 orcs (D:9)
  2 bushes (Lair:3)
  52 fungi
  102 plants
161 creatures vanquished.

Grand Total: 809 creatures vanquished

Notes
Turn   | Place    | Note
-------+----------+-------------------------------------------
     0 | D:5      | drugrobin the Demigod Delver began the quest for the Orb.
     0 | D:5      | Reached XP level 1. HP: 18/18 MP: 3/3
    76 | D:3      | Reached skill level 2 in Unarmed Combat
   160 | D:2      | Noticed Jessica
   232 | D:1      | Reached XP level 2. HP: 25/25 MP: 4/4
   372 | D:1      | Reached skill level 3 in Unarmed Combat
  1009 | D:2      | Reached XP level 3. HP: 28/30 MP: 5/5
  1649 | D:3      | Identified the +0 scale mail "Nekuid" {+Blink rC+ Int+4}
  2569 | D:4      | Reached skill level 4 in Unarmed Combat
  2637 | D:4      | Reached XP level 4. HP: 16/37 MP: 6/6
  2796 | D:4      | Noticed a phantom
  2817 | D:4      | Killed a phantom
  2818 | D:4      | Reached skill level 5 in Unarmed Combat
  2818 | D:4      | Reached XP level 5. HP: 36/42 MP: 7/7
  2843 | D:4      | Found a staircase to the Ecumenical Temple.
  3246 | D:4      | Noticed an ice beast
  3252 | D:4      | Killed an ice beast
  3369 | D:4      | Reached skill level 6 in Unarmed Combat
  3421 | D:5      | Reached XP level 6. HP: 50/50 MP: 8/8
  4117 | D:5      | Reached skill level 7 in Unarmed Combat
  4246 | D:6      | Found a sand-covered staircase.
  4251 | Ossuary  | Entered an ossuary
  4350 | Ossuary  | Reached XP level 7. HP: 56/56 MP: 9/9
  4867 | D:6      | Reached skill level 8 in Unarmed Combat
  5446 | D:6      | Reached skill level 9 in Unarmed Combat
  5457 | D:6      | Found Wehopp's Book Shoppe.
  5460 | D:6      | Bought a book of Weapons for 364 gold pieces
  5466 | D:6      | Learned a level 5 spell: Blade Hands
  5923 | D:7      | Reached skill level 1 in Transmutations
  5923 | D:7      | Reached XP level 8. HP: 57/62 MP: 10/10
  6080 | D:7      | Identified the +5 sling of Mandamus {flame, rPois Str+6
                  | Int+4}
  6549 | D:7      | Reached skill level 10 in Unarmed Combat
  6979 | D:8      | Identified the +0 buckler of the Iron Devil {rN+ Dex+2}
  6985 | D:8      | Found a staircase to the Lair.
  7010 | D:8      | Reached skill level 5 in Transmutations
  7010 | D:8      | Reached XP level 9. HP: 68/68 MP: 11/11
  7200 | D:8      | Reached skill level 11 in Unarmed Combat
  8264 | D:9      | Found a staircase to the Orcish Mines.
  8528 | D:10     | Entered Level 10 of the Dungeon
  8782 | D:10     | Noticed Nergalle
  8800 | D:10     | Killed Nergalle
  8801 | D:10     | Reached XP level 10. HP: 59/74 MP: 13/13
  9112 | D:10     | Reached skill level 12 in Unarmed Combat
  9355 | D:10     | Noticed an ogre mage
  9362 | D:10     | Killed an ogre mage
  9363 | D:10     | Noticed a white ugly thing
  9477 | D:10     | Killed a white ugly thing
  9709 | D:10     | Identified the +6 scale mail of Integrity {rPois rF- Str+5}
  9724 | D:10     | Noticed Joseph
 10019 | D:10     | Noticed an ogre mage
 10035 | D:10     | Killed an ogre mage
 10036 | D:10     | Reached skill level 1 in Spellcasting
 10146 | D:10     | Killed Joseph
 10250 | D:10     | Noticed a centaur warrior
 10255 | D:10     | Killed a centaur warrior
 10256 | D:10     | Reached XP level 11. HP: 81/83 MP: 15/17
 10444 | D:11     | Reached skill level 13 in Unarmed Combat
 10573 | D:11     | Found a runed translucent gate.
 10573 | D:11     | Found a runed translucent gate.
 10573 | D:11     | Noticed Heh's ghost (novice OpFi)
 10574 | D:11     | Found a runed translucent gate.
 10770 | D:11     | Identified the +4 long sword "Plog" {protect, rPois Str+3}
 11098 | D:11     | Noticed Sonja
 11107 | D:11     | Killed Sonja
 11312 | Lair:1   | Entered Level 1 of the Lair of Beasts
 11467 | Lair:1   | Reached skill level 5 in Fighting
 11721 | Lair:1   | Noticed Amaemon
 11729 | Lair:1   | Killed Amaemon
 12758 | Lair:2   | Reached skill level 14 in Unarmed Combat
 13202 | Lair:2   | Gained mutation: You are weak. (Str -2) [mutagenic glow]
 13235 | Lair:2   | Reached XP level 12. HP: 85/100 MP: 13/21
 14341 | Lair:3   | Reached skill level 15 in Unarmed Combat
 14392 | Lair:3   | Noticed a five-headed hydra
 14848 | Lair:3   | Noticed an eight-headed hydra
 15035 | Lair:3   | Killed a five-headed hydra
 15089 | Lair:3   | Noticed Fannar
 15107 | Lair:3   | Killed Fannar
 15291 | Lair:3   | Killed an eight-headed hydra
 15423 | Lair:3   | Found a staircase to the Swamp.
 15508 | Lair:3   | Reached skill level 10 in Fighting
 15609 | Lair:3   | Found a hole to the Spider Nest.
 15652 | Lair:3   | Reached XP level 13. HP: 80/114 MP: 22/22
 16510 | Lair:3   | Reached skill level 16 in Unarmed Combat
 18128 | Lair:5   | Entered Level 5 of the Lair of Beasts
 18316 | Lair:5   | Found a staircase to the Slime Pits.
 19081 | Orc:1    | Entered Level 1 of the Orcish Mines
 19082 | Orc:1    | Noticed an orc warlord
 19313 | D:9      | Killed an orc warlord
 19637 | Orc:1    | Reached skill level 17 in Unarmed Combat
 19744 | Orc:1    | You fall into a shaft and drop 1 floor!
 19744 | Orc:2    | Entered Level 2 of the Orcish Mines
 19755 | Orc:2    | Noticed Jorgrun
 19780 | Orc:2    | Killed Jorgrun
 19888 | Orc:2    | Found a dark tunnel.
 19902 | Volcano  | Entered a volcano
 20269 | Volcano  | Reached XP level 14. HP: 93/127 MP: 19/24
 20897 | Orc:2    | Noticed Donald
 20908 | Orc:2    | Killed Donald
 20959 | Orc:2    | Found a staircase to the Elven Halls.
 21741 | Orc:2    | Found Kanerim's Magic Scroll Shop.
 21741 | Orc:2    | Found Beuffil's Distillery.
 21743 | Orc:2    | Found Usarghat's Magic Scroll Shop.
 21743 | Orc:2    | Found Ytri's Book Emporium.
 21751 | Orc:2    | Bought a potion of resistance for 160 gold pieces
 21754 | Orc:2    | Bought a scroll of identify for 30 gold pieces
 21754 | Orc:2    | Bought a scroll of identify for 30 gold pieces
 21763 | Orc:2    | Bought a scroll of summoning for 152 gold pieces
 21763 | Orc:2    | Bought a scroll of silence for 152 gold pieces
 23138 | Lair:5   | Found a large runed translucent door.
 23147 | Lair:5   | Reached skill level 18 in Unarmed Combat
 23373 | Lair:5   | Found a large runed translucent door.
 23900 | D:11     | Killed Heh's ghost
 24683 | D:12     | Noticed a fire giant
 24698 | D:12     | Noticed a tengu reaver
 24712 | D:12     | Killed from afar by a tengu reaver

Illustrated notes

Levels and vault maps discovered:
D:1:      lightli_iron_boxes, layout_basic
D:2:      layout_basic, uniq_jessica
D:3:      layout_loops_ring, amcnicky_altar_gilded,
          mainiacjoe_overflow_six_doors_small, nicolae_overflow_crystal_walls,
          kennysheep_path_1, chequers_serial_rivers_micro_c, bh_walls_and_bars
D:4:      layout_basic, minmay_temple_entry_statues_fountains
D:5:      layout_gridville
D:6:      layout_basic, old_standard_altar, yredelemnul_altar_generic,
          serial_shops, kennysheep_mini, enter_ossuary_2
D:7:      statuecave_lemuel, layout_rooms, kennysheep_doodads
D:8:      layout_cave_pools, minmay_overflow_temple_star_quad,
          mainiacjoe_overflow_catwalk, due_lair_maze_entry_diamond
D:9:      layout_roguey, doesnt_xom_only_xom, orc_0_dummy
D:10:     layout_roguey, zin_statuary, lemuel_round_altar,
          minmay_shattered_shrine, uniq_nergalle, uniq_joseph
D:11:     layout_irregular_city, gammafunk_ghost_split, uniq_sonja
D:12:     evilmike_diamond_1, layout_small_grid, kennysheep_generic_room_7
Lair:1:   layout_long_grid, lemuel_fruit_fields, uniq_amaemon
Lair:2:   minmay_lair_oklob_chamber, layout_small_grid
Lair:3:   cheibrodos_lair_river_kwai, layout_chaotic_city,
          palyth_hydra_swamp_entry, nicolae_spider_entry_tight_spaces,
          minmay_hedge_maze, uniq_fannar
Lair:4:   wad_woods_minihive, layout_cave_pods, serial_bayou_shore_b
Lair:5:   cheibrodos_lair_end_hotspot, layout_misc_corridors,
          minmay_slime_entry_jelly_boxes
Orc:1:    layout_caves
Orc:2:    grunt_orc_tribal_feast, layout_diamond_mine,
          nicolae_volcano_entry_s_turn, uniq_jorgrun, uniq_donald

Skill      XL: |  1  2  3  4  5  6  7  8  9 10 11 12 13 14 |
---------------+-------------------------------------------+-----
Unarmed Combat | 2 3 4 5 6 7 9 10 11 12 14 15 17 18 | 18.3
Transmutations | 1 5 7 9 |  9.4
Fighting       | 3 7 10 12 14 | 14.2
Spellcasting   | 2 4 |  4.0
Dodging        | |  1.7
Stealth        | |  4.5

Action                   |  1- 3 |  4- 6 |  7- 9 | 10-12 | 13-15 || total
-------------------------+-------+-------+-------+-------+-------++-------
Melee: Unarmed           |   198 |    73 |   354 |   420 |   759 ||  1804
       Punch             |     3 |     8 |     8 |    24 |    37 ||    80
       Short sword       |     8 |    58 |       |       |       ||    66
       Trident           |       |       |     8 |       |       ||     8
 Fire: Sling             |       |       |    29 |     7 |     3 ||    39
Throw: Dart              |       |     3 |     7 |    13 |    21 ||    44
       Boomerang         |       |       |    19 |       |       ||    19
 Cast: Blade Hands       |       |       |       |    19 |    44 ||    63
Evoke: Wand              |       |     3 |       |     7 |    15 ||    25
  Use: Scroll            |       |     5 |     8 |     3 |    11 ||    27
       Potion            |       |       |       |       |     1 ||     1
 Stab: Sleeping          |    12 |     2 |     5 |     2 |     4 ||    25
       Distracted        |       |       |       |       |     3 ||     3
Armor: Leather armour    |    40 |       |       |       |       ||    40
       Scale mail        |    11 |    42 |   119 |   126 |   175 ||   473
       Acid dragon scale |       |       |       |    43 |    12 ||    55
       Troll leather arm |       |       |       |       |    81 ||    81
Dodge: Dodged            |   116 |    48 |   119 |   164 |   273 ||   720
Block: Buckler           |       |       |    24 |    60 |   187 ||   271
       Other             |       |       |       |       |    33 ||    33
       Reflection        |       |       |       |       |     3 ||     3

Table legend: (Time is in decaauts)
 A = Elapsed time spent in this place.
 B = Non-inter-level travel time spent in this place.
 C = Inter-level travel time spent in this place.
 D = Time resting spent in this place.
 E = Time spent auto-exploring this place.
 F = Levels seen in this place.
 G = Mean time per level.
                   A        B        C        D        E       F      G
               +--------+--------+--------+--------+--------+-----+--------+
         Total |  24390 |  23017 |   1373 |   2592 |  14710 |  21 | 1161.4 |
       Dungeon |  12132 |  11478 |    654 |   1265 |   7613 |  12 | 1011.0 |
          Lair |   9103 |   8452 |    651 |   1233 |   5261 |   5 | 1820.6 |
  Orcish Mines |   1660 |   1594 |     66 |     66 |    894 |   2 |  830.0 |
       Ossuary |    549 |    549 |      0 |      0 |    313 |   1 |  549.0 |
       Volcano |    944 |    944 |      0 |     28 |    629 |   1 |  944.0 |
               +--------+--------+--------+--------+--------+-----+--------+

Top non-repeatable levels by time:
  Lair:3: 2404 daAuts
  Lair:4: 2179 daAuts
  Lair:2: 1744 daAuts
    D:10: 1740 daAuts
     D:9: 1608 daAuts
  Lair:1: 1495 daAuts
  Lair:5: 1279 daAuts
     D:6: 1208 daAuts
   Orc:2: 1178 daAuts
     D:3: 1059 daAuts
     D:4: 999 daAuts
     D:7: 954 daAuts
 Volcano: 944 daAuts
    D:11: 941 daAuts
     D:1: 770 daAuts
